 Dungeon Crawl Stone Soup version 0.31-a0-1370-gf52a5a9ab3 (webtiles) character file.

Game seed: 10020334031761268859

266568 whatisthis the Warrior (level 20, -16/160 (178) HPs)
             Began as a Human Berserker on Dec 23, 2023.
             Was an Elder of Trog.
             Killed from afar by a laughing skull (37 damage)
             ... with a bolt of negative energy
             ... on level 4 of the Abyss on Dec 24, 2023.
             The game lasted 02:57:42 (53190 turns).

whatisthis the Warrior (Human Berserker)           Turns: 53190, Time: 02:57:43

HP:   -16/160 (178) AC: 34    Str: 27    XL:     20   Next: 10%
MP:   20/20         EV:  7    Int: 11    God:    Trog [****..]
Gold: 1028          SH: 20    Dex: 12    Spells: 19/19 levels left

rFire   . . .        o - +0 broad axe
rCold   x . .        A - +0 tower shield
rNeg    . . .        Z - +7 plate armour "Pisysh" {Dex+4}
rPois   +            l - +2 helmet
rElec   .            N - +2 cloak
rCorr   +            p - +2 pair of gloves
SInv    .            s - +2 pair of boots
Will    +....        y - amulet of reflection Stlth
                     Y - ring "Jyatoni" {rPois rCorr Int+3}
HPRegen 0.46/turn    H - ring of protection from cold
MPRegen 0.17/turn

%: random rage (9%), reflection
@: about to teleport, marked, heavily drained
A: explore regen, [berserk 2], [clumsy 2], [deformed body], [cold vulnerability
2]
}: 2/15 runes: decaying, serpentine
a: Renounce Religion, Berserk, Trog's Hand, Brothers in Arms


You were on level 4 of the Abyss.
You worshipped Trog.
Trog was greatly pleased with you.
You visited 6 branches of the dungeon, and saw 32 of its levels.
You visited the Abyss 1 time.
You also visited: Sewer.

You collected 3255 gold pieces.
You spent 2227 gold pieces at shops.

Inventory:

Hand Weapons
 d - a +1 war axe of flaming
 o - a +0 broad axe (weapon)
 U - the +4 morningstar of Conversion {freeze, rPois}
   (You found it on level 5 of the Lair of Beasts)

   rPois:     It protects you from poison
Missiles
 b - 2 boomerangs (quivered)
 c - 311 stones
 z - 7 javelins
 D - 2 throwing nets
 V - 5 silver javelins
Armour
 l - a +2 helmet (worn)
 p - a +2 pair of gloves (worn)
 s - a +2 pair of boots (worn)
 A - a +0 tower shield (worn)
 N - a +2 cloak (worn)
 X - a +2 kite shield of reflection
 Z - the +7 plate armour "Pisysh" (worn) {Dex+4}
   (You bought it in a shop on level 1 of the Snake Pit)

   Dex+4:     It affects your dexterity (+4).
Jewellery
 y - an amulet of reflection (around neck)
 H - a ring of protection from cold (right hand)
 R - a ring of fire
 T - a ring of willpower
 Y - the ring "Jyatoni" (left hand) {rPois rCorr Int+3}
   (You bought it in a shop on level 2 of the Orcish Mines)

   [ring of resist corrosion]

   Int+3:     It affects your intelligence (+3).
   rPois:     It protects you from poison rCorr: It protects you from acid and
   corrosion.
Wands
 n - a wand of flame (100)
 G - a wand of paralysis (26)
 J - a wand of mindburst (26)
 K - a wand of roots (35)
 Q - a wand of polymorph (4)
 W - a wand of light (9)
Scrolls
 e - 4 scrolls of blinking
 i - a scroll of brand weapon {unknown}
 k - 6 scrolls of fog
 q - 8 scrolls of vulnerability
 r - a scroll of butterflies {unknown}
 t - 4 scrolls of enchant armour
 u - a scroll of torment {unknown}
 w - 3 scrolls of teleportation
 C - 4 scrolls of poison
 E - 6 scrolls of fear
 F - 7 scrolls of enchant weapon
 M - 3 scrolls of revelation
 S - 4 scrolls of immolation
Potions
 a - a potion of resistance {unknown}
 f - 7 potions of lignification
 g - 12 potions of curing
 h - 9 potions of mutation
 j - 4 potions of might
 m - 8 potions of enlightenment
 v - a potion of heal wounds
 x - 5 potions of haste
 B - 5 potions of ambrosia
 L - 2 potions of brilliance {unknown}
 O - 2 potions of attraction {unknown}
 P - 2 potions of cancellation


   Skills:
 + Level 20.8 Fighting
 - Level 20.7 Axes
 + Level 12.8 Throwing
 - Level 16.3 Armour
 - Level 2.0 Dodging
 - Level 9.1 Shields
 - Level 6.0 Evocations


You had 19 spell levels left.
You didn't know any spells.
Your spell library was empty.

Dungeon Overview and Level Annotations

Branches:
Dungeon (15/15)            Temple (0/1) D:6            Lair (5/5) D:8
  Swamp (4/4) Lair:2        Snake (4/4) Lair:2        Slime (0/5) Lair:5
    Orc (2/2) D:10            Elf (0/3) Orc:2        Vaults (2/5) D:13
 Depths (0/4) D:15          Sewer (visited)
  Crypt: Vaults:2-3

Altars:
Ashenzari
Gozag
Hepliaklqana
Makhleb
Nemelex Xobeh
Okawaru
Qazlal
Uskayaw
Xom
The Shining One
Jiyva

Shops:
D:2 *   D:7 !:?:*   Orc:1 ?   Orc:2 :(=:   Snake:1 [   Snake:2 =[!:
Snake:3 [**   Snake:4 (   Vaults:1 [*((

Annotations:
Snake:3 2 transporters, Taelin's ghost, adept TrEE
Vaults:2 1 exclusion


Innate Abilities, Weirdness & Mutations

You regain HP and MP as you explore.
[You have an uncontrollable temper.]
[You are very clumsy. (Dex -4)]
[Armour fits poorly on your strangely shaped body.]
[You are very vulnerable to cold. (rC--)]


Message History

The laughing skull completely resists.
The bolt of negative energy misses you. The laughing skull closely misses you.
You block the laughing skull's attack.
The wretched star glows turbulently.
The lance of force misses you.
Unknown command.
Unknown command.
You feel much better. You block the laughing skull's attack.
The laughing skull headbutts you but does no damage.
The laughing skull cackles spitefully.
The bolt of negative energy hits the laughing skull.
The laughing skull completely resists.
The bolt of negative energy hits the laughing skull.
The laughing skull completely resists.
The bolt of negative energy hits you but does no damage.
You block the laughing skull's attack. You block the starcursed mass's attack.
You block the smoke demon's attack. The smoke demon barely misses you.
The smoke demon hits you but does no damage.
The laughing skull gibbers with scorn.
The bolt of negative energy hits the laughing skull.
The laughing skull completely resists.
The bolt of negative energy hits the laughing skull.
The laughing skull completely resists.
The bolt of negative energy hits you but does no damage.
The laughing skull headbutts you but does no damage.
You hit the starcursed mass but do no damage.
The starcursed mass is severely damaged.
You hit the laughing skull. You slash the starcursed mass!
You slash the smoke demon! You closely miss the laughing skull.
The starcursed mass shudders and is absorbed by its neighbour.
The thrashing horror tramples you!
* * * LOW HITPOINT WARNING * * *
You hold your ground!
The thrashing horror tramples you but does no damage.
A starcursed mass splits.
The laughing skull lets out a vicious peel of laugher.
The bolt of negative energy hits the laughing skull.
The laughing skull completely resists.
The bolt of negative energy hits you!!!
You feel drained.
You die...
The laughing skull crumbles to pieces from sheer joy.

...~....♣ ~....
~.~..~~~G♣♣ . .
~.~..~~.~~.♣ .
...... .....~...♣
#. .~#.~.~~#~~.z♣♣
##~.......~..♣~zz~♣
... ._~. ..~.~XXzz♣
' .....~~...X*X@♣
.# ~.~......Xz3♣♣
#...~.~X~..~~~..~♣
#......X.♣~...♣.♣♣
. ♣...♣♣♣~~♣♣♣♣
..♣♣♣. ♣ ♣♣♣♣
##..... #...... #.
.#..


You could see 2 starcursed masses, a tentacled monstrosity, a wretched star, an
eye of devastation, a thrashing horror, a large abomination, a smoke demon and 6
laughing skulls.

Vanquished Creatures
  the Lernaean hydra (Swamp:4)
  Bai Suzhen (Vaults:1)
  Nikola (Swamp:2)
  Mlioglotl (Swamp:1)
  Rupert (Lair:5)
  Kirke (Snake:3)
  A thorn hunter (Swamp:1)
  9 nagarajas
  Donald (Swamp:2)
  Aizul (Snake:3)
  3 vault wardens
  4 ghouls (Swamp:2)
  An orc warlord (Orc:1)
  2 ironbound preservers
  A stone giant (D:15)
  3 ironbound thunderhulks
  3 bunyips
  8 eleionomae
  4 dire elephants (Vaults:1)
  An eidolon (D:15)
  An ettin (D:13)
  An entropy weaver (shapeshifter) (D:14)
  5 yaktaur captains
  2 great orbs of eyes
  3 salamander tyrants
  3 vault guards
  Harold (D:9)
  3 ghost crabs
  22 hydras
  4 ogre magi
  2 catoblepae
  5 ironbound frosthearts
  4 centaur warriors
  2 tengu warriors (D:13)
  14 anacondas
  4 boulder beetles
  8 alligators
  16 two-headed ogres
  9 death yaks
  24 naga warriors
  9 shock serpents
  14 naga sharpshooters
  Nergalle (D:10)
  4 goliath frogs
  2 shadow wraiths (D:15)
  8 deep trolls
  A skyshark (Lair:4)
  5 sea snakes (Snake:4)
  8 swamp dragons
  A death drake (Swamp:2)
  5 naga ritualists
  3 spriggan druids
  14 bog bodies
  A flayed ghost (D:15)
  2 orc knights
  3 arcanists
  13 lindwurms
  11 mana vipers
  6 ironbound convokers
  2 manticores
  A necromancer (D:13)
  2 deep elf pyromancers
  Maurice (D:10)
  6 cyclopes
  3 will-o-the-wisps
  13 salamanders
  17 ugly things
  16 naga magi
  3 elephants
  5 kobold blastminers
  39 black mambas
  7 guardian serpents
  5 vault sentinels
  Joseph (D:10)
  A cane toad (shapeshifter) (D:15)
  5 gargoyles
  6 cane toads
  2 unseen horrors
  A kobold demonologist (D:10)
  3 rime drakes
  A tormentor (Abyss:4)
  A freezing wraith (D:14)
  Psyche (D:8)
  2 tengu conjurers
  8 komodo dragons
  7 yaktaurs (Vaults:1)
  A komodo dragon (shapeshifter) (D:13)
  3 meliai (D:15)
  2 starcursed masses (Abyss:4)
  4 tyrant leeches
  12 dream sheep
  5 trolls
  5 polar bears
  15 hornets
  Prince Ribbit (Lair:2)
  16 blink frogs
  47 yaks
  26 spriggans
  2 wyverns (Lair:3)
  33 slime creatures
  4 shadows
  2 vampires
  A centaur simulacrum (D:15)
  6 wraiths
  3 basilisks
  A hog (Snake:3)
  2 wargs (Orc:1)
  17 swamp worms
  3 acid dragons
  37 nagas
  13 water moccasins
  Duvessa (D:4)
  7 black bears
  15 orc warriors
  A sky beast (D:8)
  6 swamp drakes
  4 ice beasts
  41 wolves
  4 boggarts (Lair:5)
  11 centaurs
  27 ogres
  A kobold brigand (D:10)
  4 necrophages (Swamp:2)
  A scorpion (D:5)
  14 bullfrogs
  6 wights
  Dowan (D:4)
  5 killer bees (D:11)
  3 howler monkeys
  3 lava snakes (Lair:2)
  A hound (D:6)
  15 jellies
  8 orc priests
  A sleepcap (D:7)
  4 iguanas
  11 orc wizards
  A boggart simulacrum (D:14)
  Robin (D:2)
  7 adders
  5 gnolls
  2 river rats
  A shadow imp (D:8)
  2 white imps (D:7)
  A bombardier beetle (D:5)
  5 worms
  46 orcs
  5 bats
  7 endoplasms
  3 giant cockroaches (Sewer)
  14 goblins
  11 hobgoblins
  5 jackals (D:3)
  8 kobolds
  3 quokkas
  9 ball pythons
  A frilled lizard (Sewer)
  13 rats
1057 creatures vanquished.

Vanquished Creatures (collateral kills)
  The ghost of Etsiduud the Severer, a journeyman MiFi of the Shining One (D:15)
  Louise (Swamp:1)
  A crystal guardian (Vaults:2)
  A peacekeeper (Vaults:2)
  A bog body (Swamp:4)
  A swamp dragon (Swamp:4)
  A salamander (Snake:3)
  A spriggan (Lair:5)
  2 swamp drakes (Swamp:4)
10 creatures vanquished.

Vanquished Creatures (others)
  A naga ritualist (Snake:4)
  A black mamba (Snake:3)
  An unseen horror (shapeshifter) (D:13)
  2 bloated husks (Swamp:1)
  4 humans (Snake:3)
  A swamp worm (Swamp:1)
  A laughing skull (Vaults:2)
  26 foxfires
37 creatures vanquished.

Grand Total: 1104 creatures vanquished

Notes
Turn   | Place    | Note
-------+----------+-------------------------------------------
     0 | D:1      | whatisthis the Human Berserker began the quest for the Orb.
     0 | D:1      | Reached XP level 1. HP: 18/18 MP: 1/1
    75 | D:1      | Reached XP level 2. HP: 19/24 MP: 2/2
   692 | D:2      | Identified the +3 dagger of Upheaval {freeze, rF++}
   723 | D:2      | Reached XP level 3. HP: 14/29 MP: 3/3
   822 | D:2      | Found Etrish's Assorted Antiques.
   953 | D:2      | Reached ** piety under Trog
  1070 | D:2      | Noticed Robin
  1080 | D:2      | Killed Robin
  1081 | D:2      | Reached XP level 4. HP: 14/37 MP: 4/4
  2102 | D:3      | Reached XP level 5. HP: 39/42 MP: 5/5
  2317 | D:3      | Noticed an ice beast
  2326 | D:3      | Killed an ice beast
  2587 | D:3      | Reached XP level 6. HP: 49/49 MP: 6/6
  2700 | D:4      | Noticed Dowan
  2700 | D:4      | Noticed Duvessa
  2722 | D:4      | Killed Duvessa
  2722 | D:4      | Killed Dowan
  2815 | D:4      | Reached skill level 5 in Fighting
  2831 | D:4      | Found a glowing drain.
  2837 | D:4      | Reached skill level 5 in Axes
  2840 | Sewer    | Entered a sewer
  2873 | Sewer    | Reached *** piety under Trog
  2904 | Sewer    | Reached XP level 7. HP: 53/56 MP: 7/7
  3068 | Sewer    | Found a viscous altar of Jiyva.
  3767 | D:5      | Entered Level 5 of the Dungeon
  3932 | D:5      | Found a burning altar of Makhleb.
  4021 | D:5      | Reached skill level 5 in Armour
  4668 | D:6      | Reached XP level 8. HP: 60/64 MP: 8/8
  4999 | D:6      | Found a staircase to the Ecumenical Temple.
  5426 | D:7      | Found Peumauc's Magic Scroll Boutique.
  5427 | D:7      | Found Mycheph's Distillery.
  5427 | D:7      | Found Vuhuro's Book Boutique.
  5429 | D:7      | Found Meofoag's Assorted Antiques.
  5969 | D:7      | Found Udoufaisk's Book Emporium.
  6253 | D:7      | Reached XP level 9. HP: 51/71 MP: 9/9
  6479 | D:8      | Found a glowing golden altar of the Shining One.
  6499 | D:8      | Noticed Psyche
  6513 | D:8      | Killed Psyche
  6581 | D:8      | Found a hazy altar of Hepliaklqana.
  6581 | D:8      | Found an iron altar of Okawaru.
  6581 | D:8      | Found a shimmering altar of Xom.
  6581 | D:8      | Found a broken altar of Ashenzari.
  6844 | D:8      | Found an opulent altar of Gozag.
  6845 | D:8      | Found a hide-covered altar of Uskayaw.
  7269 | D:8      | Noticed a komodo dragon
  7423 | D:8      | Killed a komodo dragon
  7424 | D:8      | Reached XP level 10. HP: 28/82 MP: 10/10
  7618 | D:8      | Found a staircase to the Lair.
  8235 | D:9      | Noticed Harold
  8249 | D:9      | Killed Harold
  8408 | D:9      | HP: 6/124 [troll (10)]
  9435 | D:10     | Entered Level 10 of the Dungeon
  9530 | D:10     | Found a staircase to the Orcish Mines.
  9530 | D:10     | Noticed Maurice
  9533 | D:10     | Maurice stole 5 throwing nets
  9562 | D:10     | Something stole a +0 hand axe
  9567 | D:10     | Something stole a ring of fire
  9570 | D:10     | Something stole 560 gold
  9579 | D:10     | Killed Maurice
  9718 | D:10     | Noticed Nergalle
  9729 | D:10     | Killed Nergalle
  9730 | D:10     | Reached skill level 10 in Fighting
  9730 | D:10     | Reached skill level 10 in Axes
  9730 | D:10     | Reached XP level 11. HP: 90/90 MP: 11/11
  9918 | D:10     | Noticed Joseph
  9940 | D:10     | Killed Joseph
 10366 | D:10     | Reached skill level 10 in Armour
 10743 | D:10     | Reached **** piety under Trog
 11428 | D:10     | Noticed a sun demon
 12111 | D:11     | Found a glowing golden altar of the Shining One.
 12674 | D:11     | Noticed a manticore
 12694 | D:11     | Killed a manticore
 13214 | Lair:1   | Entered Level 1 of the Lair of Beasts
 13669 | Lair:1   | Reached XP level 12. HP: 61/100 MP: 12/12
 14957 | Lair:2   | Noticed Prince Ribbit
 14973 | Lair:2   | Killed Prince Ribbit
 16178 | Lair:2   | Found a staircase to the Snake Pit.
 16369 | Lair:2   | Found a staircase to the Swamp.
 16932 | Lair:3   | Noticed a death yak
 16932 | Lair:3   | Noticed a death yak
 17011 | Lair:3   | Reached skill level 1 in Throwing
 17416 | Lair:3   | Noticed a six-headed hydra
 17656 | Lair:3   | Noticed a death yak
 17656 | Lair:3   | Noticed a death yak
 17657 | Lair:3   | Noticed a death yak
 17756 | Lair:2   | Killed a six-headed hydra
 18043 | Lair:2   | Killed a death yak
 18044 | Lair:2   | Reached XP level 13. HP: 88/109 MP: 13/13
 19527 | Lair:4   | You fall into a shaft and drop 1 floor!
 19527 | Lair:5   | Entered Level 5 of the Lair of Beasts
 19546 | Lair:5   | Found a staircase to the Slime Pits.
 19546 | Lair:5   | Found a viscous altar of Jiyva.
 21274 | Lair:5   | Identified the +4 morningstar of Conversion {freeze, rPois}
 22347 | Lair:5   | Noticed Rupert
 22422 | Lair:5   | Reached XP level 14. HP: 55/120 MP: 14/14
 23014 | Lair:5   | Killed Rupert
 23883 | Lair:5   | Identified the staff of Circular Logic {rPois rF+ rCorr
                  | Int-4 Tloc Fire}
 23972 | Lair:5   | Reached skill level 1 in Shields
 24679 | Orc:1    | Entered Level 1 of the Orcish Mines
 24723 | Orc:1    | Reached skill level 15 in Fighting
 25163 | Orc:2    | Entered Level 2 of the Orcish Mines
 25783 | Orc:2    | Noticed an orc warlord
 25803 | Orc:1    | Killed an orc warlord
 26351 | Orc:1    | Reached ***** piety under Trog
 26353 | Orc:1    | Reached skill level 15 in Axes
 26353 | Orc:1    | Reached XP level 15. HP: 66/129 MP: 15/15
 26637 | Orc:2    | Reached skill level 5 in Throwing
 26966 | Orc:2    | Received a gift from Trog
 27010 | Orc:2    | Paralysed by an ogre mage for 3 turns
 27317 | Orc:2    | Found a staircase to the Elven Halls.
 27339 | Orc:2    | Found Exeumaj's Book Boutique.
 27339 | Orc:2    | Found Wuhil's Antique Weapon Emporium.
 27340 | Orc:2    | Found Hylan's Jewellery Emporium.
 27340 | Orc:2    | Found Fouvace's Book Shop.
 27394 | Orc:1    | Found Isayr's Magic Scroll Shoppe.
 27433 | Orc:1    | Bought a scroll of teleportation for 30 gold pieces
 27433 | Orc:1    | Bought a scroll of identify for 20 gold pieces
 27822 | Orc:2    | Bought the ring "Jyatoni" {rPois rCorr Int+3} for 637 gold
                  | pieces
 27892 | Orc:1    | Bought a scroll of fog for 40 gold pieces
 28039 | D:7      | Bought a scroll of teleportation for 45 gold pieces
 28039 | D:7      | Bought a scroll of identify for 30 gold pieces
 28039 | D:7      | Bought a scroll of identify for 30 gold pieces
 28039 | D:7      | Bought a scroll of blinking for 112 gold pieces
 28039 | D:7      | Bought a scroll of identify for 30 gold pieces
 28039 | D:7      | Bought a scroll of teleportation for 45 gold pieces
 28045 | D:7      | Bought a potion of haste for 130 gold pieces
 28045 | D:7      | Bought 2 potions of curing for 78 gold pieces
 28045 | D:7      | Bought a potion of might for 52 gold pieces
 28045 | D:7      | Bought a potion of curing for 39 gold pieces
 28165 | D:2      | Bought a scroll of identify for 50 gold pieces
 29214 | D:13     | You fall into a shaft and drop 2 floors!
 29214 | D:15     | Entered Level 15 of the Dungeon
 29425 | D:15     | Found a runed translucent gate.
 29427 | D:15     | Found a runed translucent gate.
 29428 | D:15     | Found a runed translucent gate.
 29430 | D:15     | Noticed Etsiduud's ghost (journeyman MiFi)
 29535 | D:15     | Found a staircase to the Depths.
 31117 | D:13     | Found a gate to the Vaults.
 31649 | D:13     | Found a stormy altar of Qazlal.
 32333 | D:14     | Reached XP level 16. HP: 113/139 MP: 16/16
 33326 | D:15     | Killed Etsiduud's ghost
 33679 | Swamp:1  | Entered Level 1 of the Swamp
 33689 | Swamp:1  | Noticed a thorn hunter
 33859 | Snake:1  | Entered Level 1 of the Snake Pit
 33874 | Snake:1  | Found Yhyxzear's Armour Shop.
 34133 | Snake:1  | Reached skill level 1 in Evocations
 35958 | Snake:1  | Bought the +7 plate armour "Pisysh" {Dex+4} for 807 gold
                  | pieces
 36137 | Snake:2  | Found a sparkling altar of Nemelex Xobeh.
 36187 | Snake:2  | Found Boirroal's Book Emporium.
 36187 | Snake:2  | Found Mykkumof's Jewellery Shoppe.
 36189 | Snake:2  | Found Ushroreso's Armour Shoppe.
 36193 | Snake:2  | Found Myaguh's Distillery.
 37218 | Snake:3  | Found Ehenargh's Assorted Antiques.
 37223 | Snake:3  | Bought a scroll of identify for 52 gold pieces
 37238 | Snake:3  | Noticed Kirke
 37254 | Snake:3  | Killed Kirke
 37261 | Snake:3  | Found a transporter.
 37265 | Snake:3  | Noticed Taelin's ghost (adept TrEE)
 37775 | Snake:3  | Reached skill level 5 in Shields
 37898 | Snake:3  | Found Semum's Neck Hole.
 38102 | Snake:3  | Found Veckauc's Armour Shoppe.
 38132 | Snake:3  | Reached XP level 17. HP: 149/149 MP: 17/17
 38670 | Snake:3  | Found a transporter.
 38852 | Snake:3  | Identified the serpent talisman of Dithmenos's Whim {rC+
                  | Will+ Int+2}
 38852 | Snake:3  | Noticed Aizul
 38927 | Snake:3  | Killed Aizul
 38928 | Snake:3  | Reached skill level 15 in Armour
 40791 | Snake:4  | Entered Level 4 of the Snake Pit
 40816 | Snake:4  | Found Soloi's Weapon Emporium.
 42659 | Snake:4  | Reached XP level 18. HP: 119/158 MP: 12/18
 43241 | Snake:4  | Got a serpentine rune of Zot
 43722 | Swamp:1  | Identified the +2 dagger of Taxation {vamp, *Noise rC++
                  | Will++}
 43740 | Swamp:1  | Noticed Mlioglotl
 43763 | Swamp:1  | Killed Mlioglotl
 43924 | Swamp:1  | You fall into a shaft and drop 1 floor!
 44142 | Swamp:1  | Noticed Louise
 44171 | Swamp:1  | Killed Louise
 44468 | Swamp:2  | Noticed Nikola
 44878 | Swamp:2  | Killed Nikola
 45229 | Swamp:2  | Noticed Donald
 45269 | Swamp:2  | Killed Donald
 47065 | Swamp:4  | Entered Level 4 of the Swamp
 47427 | Swamp:4  | Reached XP level 19. HP: 128/167 MP: 19/19
 47468 | Swamp:4  | Reached skill level 10 in Throwing
 48175 | Swamp:4  | Reached skill level 5 in Evocations
 48427 | Swamp:4  | Noticed the 27-headed Lernaean hydra
 48441 | Swamp:4  | Killed the 19-headed Lernaean hydra
 48650 | Swamp:4  | Got a decaying rune of Zot
 49269 | Vaults:1 | Entered Level 1 of the Vaults
 49422 | Vaults:1 | Found Egreust's Antique Armour Shop.
 49507 | Vaults:1 | Identified the +4 scale mail "Nehamibu" {Will- Str+2 Dex+2}
 50339 | Vaults:1 | Found Jipheucro's Antique Weapon Shop.
 50514 | Vaults:1 | Found Vasih's Antique Weapon Shop.
 50995 | Vaults:1 | Found Gorofee's Assorted Antiques.
 51695 | Vaults:2 | Noticed Bai Suzhen
 51825 | Vaults:2 | Received a gift from Trog
 52100 | Vaults:2 | Reached XP level 20. HP: 178/178 MP: 20/20
 52189 | Vaults:1 | HP: 7/173 [Bai Suzhen/torrent of water (20)]
 52792 | Vaults:1 | Killed Bai Suzhen
 53149 | Abyss:4  | Cast into level 4 of the Abyss (a deep elf sorcerer)
 53154 | Abyss:4  | Found a corrupted altar of Lugonu.
 53187 | Abyss:4  | HP: 5/170 [starcursed mass/accursed screaming (7)]
 53190 | Abyss:4  | Killed from afar by a laughing skull

Illustrated notes

Levels and vault maps discovered:
D:1:      elethiomel_arrival_diamonds, layout_loops_ring
D:2:      layout_basic, serial_shops, nicolae_shop_overgrown_old_shop,
          uniq_robin
D:3:      layout_loops_ring
D:4:      layout_basic, gup_sewer_entry_spiral, hangedman_decor_opposing,
          uniq_duvessa
D:5:      layout_basic, lightli_temple_of_fire
D:6:      layout_rooms, minmay_temple_entry_statues_fountains,
          hangedman_decor_growths, sigmund_army
D:7:      layout_loops_ring, serial_shops, nicolae_shop_just_a_little_nook,
          minmay_shop_grid_forest
D:8:      layout_basic, kennysheep_mini, grunt_temple_overflow_open,
          grunt_lair_entry_orc_guard_hut, uniq_psyche
D:9:      layout_basic, serial_corexii_hall, corexii_hall_statues_deadend,
          chequers_hall_statues_wall_a, corexii_hall_statues_i,
          chequers_hall_statues_corner_a, uniq_harold
D:10:     layout_stronghold, orc_0_dummy, nicolae_nh_ransacked_shop,
          uniq_maurice, uniq_nergalle, uniq_joseph, uniq_josephine
D:11:     layout_basic, tso_metal_star
D:12:     layout_basic
D:13:     layout_basic, david_vaults_4, minmay_ruined_shrine
D:14:     layout_rooms, hangedman_abyss_or_decor_clamps
D:15:     grunt_enter_depths_giant_problem, layout_basic,
          gammafunk_ghost_spectres, fountainhead, due_unseen_surprise
Lair:1:   layout_cellular_growth, lemuel_fruit_tree
Lair:2:   layout_regular_city, minmay_swamp_entry_worms,
          nicolae_snake_entry_warm_welcome, uniq_prince_ribbit2
Lair:3:   layout_layer_cave
Lair:4:   layout_regular_city, grunt_megastairs_1
Lair:5:   minmay_lair_end_enchanted_forest, layout_cave_pods,
          nicolae_slime_entry_slimehenge, uniq_rupert
Swamp:1:  layout_basic_swamp, nicolae_swamp_triple_paths, uniq_louise,
          uniq_mlioglotl
Swamp:2:  layout_falls_marsh, evilmike_swamp_ruin_house_5,
          nicolae_swamp_decorative_isthmus, infiniplex_staircase_pool,
          uniq_donald, uniq_nikola
Swamp:3:  layout_basic_swamp, nicolae_swamp_dense_foliage
Swamp:4:  grunt_swamp_rune_castle, layout_basic_swamp
Snake:1:  layout_grid_maze, serial_shops, nicolae_shop_mannequins,
          serial_library_hellmonk_reading_circle, grunt_megastairs_5
Snake:2:  layout_misc_corridors, basic_altar, minmay_shoptagon
Snake:3:  kennysheep_snake, layout_honeycomb, serial_shops,
          nicolae_shop_hallway_stairs, shop, gammafunk_ghost_arena,
          nicolae_shop_sticking_my_neck_out, uniq_aizul, uniq_kirke
Snake:4:  grunt_snake_rune_pools, layout_misc_corridors, serial_shops, shop,
          st_stairs_5
Orc:1:    layout_caves, serial_shops, shop
Orc:2:    st_orc_ogre_mass, layout_caves, basic_altar
Vaults:1: v_misc_22, nicolae_vaults_mitosis, vaults_mumra_minichess,
          nicolae_vaults_surprise_closet, nicolae_vaults_little_squares_5,
          vaults_dpeg_emergency_exit, ontoclasm_vaults_hangar, v_misc_13,
          vaults_dpeg_ring, vaults_dpeg_cross, ontoclasm_vaults_spin,
          nicolae_vaults_theta, v_rooms_2, layout_vaults_maze_bifur,
          serial_shops, nicolae_shop_pleasant_corner_grove,
          nicolae_shop_behind_doors, shop, nicolae_shop_overgrown_old_shop
Vaults:2: grunt_vaults_hallway_long, nicolae_vaults_shrinking_rooms_1,
          nicolae_vaults_you_can_take_it_with_you, nicolae_vaults_octothorpe,
          v_misc_3, v_misc_32, ontoclasm_vaults_ring_small,
          minmay_crypt_entry_simple_round, vaults_dpeg_encased_lava,
          nicolae_vaults_tetromino_Z_2, layout_vaults_omnibox, serial_glass,
          uniq_bai_suzhen, uniq_sojobo
Abyss:4:  base: Swamp:4, evilmike_abyss_exit_9, serial_sigils_hangedman_shear,
          hangedman_steaming_rock, hangedman_abyss_stitches_cave

Skill      XL: |  1  2  3  4  5  6  7  8  9 10 11 12 13 14 15 16 17 18 19 |
---------------+----------------------------------------------------------+-----
Armour         | 3 4 5 6 8 9 11 12 13 14 15 16 | 16.3
Fighting       | 4 5 7 8 10 11 12 14 15 16 17 18 19 20 | 20.8
Axes           | 4 5 7 8 10 11 12 13 15 16 18 19 20 | 20.7
Throwing       | 3 4 8 9 12 | 12.8
Shields        | 3 5 7 9 |  9.1
Evocations     | 3 6 |  6.0
Dodging        | |  2.0

Action                     |  1- 3 |  4- 6 |  7- 9 | 10-12 | 13-15 | 16-18 | 19-21 || total
---------------------------+-------+-------+-------+-------+-------+-------+-------++-------
  Melee: Hand axe          |    90 |       |       |       |       |       |       ||    90
         War axe           |    39 |   140 |   347 |   787 |  1230 |    44 |    64 ||  2651
         Punch             |     1 |     1 |     5 |     5 |    12 |       |       ||    24
         Flail             |       |       |       |    10 |    23 |       |       ||    33
         Morningstar       |       |       |       |       |   210 |       |       ||   210
         Broad axe         |       |       |       |       |   107 |  1720 |   519 ||  2346
  Throw: Dart              |       |       |     3 |    10 |    23 |       |       ||    36
         Throwing net      |       |       |     1 |     2 |       |     3 |       ||     6
         Boomerang         |       |       |       |       |    45 |   346 |    69 ||   460
         Stone             |       |       |       |       |    10 |    19 |    12 ||    41
         Javelin           |       |       |       |       |       |    11 |       ||    11
 Invoke: Trog's Hand       |     1 |     1 |     2 |     9 |    18 |    27 |     9 ||    67
         Berserk           |       |     2 |     4 |    18 |    18 |    13 |     9 ||    64
         Brothers in Arms  |       |       |       |       |     2 |     8 |     6 ||    16
  Evoke: Wand              |       |       |       |     6 |     6 |     3 |     2 ||    17
    Use: Scroll            |       |       |       |    11 |    13 |     6 |     6 ||    36
         Potion            |       |       |       |       |     2 |     4 |     1 ||     7
   Stab: Held in net/web   |       |       |       |       |       |     2 |       ||     2
         Distracted        |       |       |       |       |       |     1 |       ||     1
 Armour: Animal skin       |    68 |       |       |       |       |       |       ||    68
         Ring mail         |       |    31 |       |       |       |       |       ||    31
         Leather armour    |       |    10 |       |       |       |       |       ||    10
         Scale mail        |       |    52 |   279 |       |       |       |       ||   331
         Chain mail        |       |       |     4 |  1024 |  1625 |   203 |       ||  2856
         Plate armour      |       |       |       |       |       |  1032 |   725 ||  1757
         Skin              |       |       |       |       |       |       |     3 ||     3
  Dodge: Dodged            |   104 |    94 |   155 |   429 |   637 |   324 |   120 ||  1863
  Block: Buckler           |       |       |       |       |   168 |    82 |       ||   250
         Kite shield       |       |       |       |       |       |   948 |       ||   948
         Reflection        |       |       |       |       |       |   110 |    19 ||   129
         Tower shield      |       |       |       |       |       |   379 |   751 ||  1130

Table legend: (Time is in decaauts)
 A = Elapsed time spent in this place.
 B = Non-inter-level travel time spent in this place.
 C = Inter-level travel time spent in this place.
 D = Time resting spent in this place.
 E = Time spent auto-exploring this place.
 F = Levels seen in this place.
 G = Mean time per level.
                   A        B        C        D        E       F      G
               +--------+--------+--------+--------+--------+-----+--------+
         Total |  53757 |  50594 |   3163 |  17093 |  18325 |  34 | 1581.1 |
       Dungeon |  18997 |  17533 |   1464 |   3642 |  10268 |  15 | 1266.5 |
          Lair |  12021 |  11456 |    565 |   5104 |   3173 |   5 | 2404.2 |
         Swamp |   5770 |   5447 |    323 |   1587 |   1239 |   4 | 1442.5 |
     Snake Pit |   9421 |   8843 |    578 |   3580 |   1792 |   4 | 2355.2 |
  Orcish Mines |   3238 |   3140 |     98 |   1765 |    619 |   2 | 1619.0 |
        Vaults |   3744 |   3611 |    133 |   1236 |   1075 |   2 | 1872.0 |
         Abyss |     40 |     40 |      0 |      0 |      0 |   1 |   40.0 |
         Sewer |    522 |    522 |      0 |    177 |    158 |   1 |  522.0 |
               +--------+--------+--------+--------+--------+-----+--------+

Top non-repeatable levels by time:
 Snake:3: 4200 daAuts
  Lair:5: 3399 daAuts
  Lair:2: 2822 daAuts
Vaults:1: 2656 daAuts
   Orc:1: 2323 daAuts
    D:10: 2286 daAuts
     D:8: 2246 daAuts
 Snake:4: 2047 daAuts
 Swamp:4: 2017 daAuts
  Lair:3: 1988 daAuts
  Lair:4: 1974 daAuts
 Snake:1: 1917 daAuts
 Swamp:2: 1909 daAuts
  Lair:1: 1837 daAuts
    D:11: 1705 daAuts
